 Dungeon Crawl Stone Soup version 0.29-a0-962-gc8bbfd0a37 (webtiles) character file.

Game seed: 10143474375493394521

72 reriks the Magician (level 4, -9/30 HPs)
             Began as a Mummy Fire Elementalist on July 30, 2022.
             Mangled by a gnoll
             ... wielding a +0 flail
              (11 damage)
             ... on level 2 of the Dungeon.
             The game lasted 00:03:11 (2735 turns).

reriks the Magician (Mummy Fire Elementalist)       Turns: 2735, Time: 00:03:12

Health: -9/30      AC:  6    Str: 11    XL:     4   Next: 7%
Magic:  1/9        EV: 12    Int: 16    God:
Gold:   108        SH:  0    Dex: 12    Spells: 6/9 levels left

rFire   x . .      SeeInvis +   d - +0 hand axe (venom)
rCold   + . .      Faith    .   (no shield)
rNeg    + + +      Spirit   .   a - +0 robe
rPois   ∞          Reflect  .   (no helmet)
rElec   .          Harm     .   (no cloak)
rCorr   .          Rampage  .   (no gloves)
Will    .....                   (no boots)
Stlth   ++........              (no amulet)
HPRegen 0.10/turn               f - +4 ring of protection
MPRegen 0.11/turn               h - ring of see invisible

@: no status effects
A: cold resistance 1, negative energy resistance 3, torment resistance 2, heat
vulnerability 1, in touch with death 1, no potions
a: no special abilities


You were on level 2 of the Dungeon.
You visited 1 branch of the dungeon, and saw 2 of its levels.

You collected 108 gold pieces.

Inventory:

Hand Weapons
 b - a +0 dagger
 d - a +0 hand axe of venom (weapon)
Armour
 a - a +0 robe (worn)
Jewellery
 f - a +4 ring of protection (left hand)
 h - a ring of see invisible (right hand)
Scrolls
 c - 2 scrolls of identify {unknown}
 e - a scroll of enchant weapon {unknown}
 g - a scroll of amnesia {unknown}


   Skills:
 + Level 2.1 Dodging
 + Level 2.2 Stealth
 + Level 3.4 Spellcasting
 + Level 1.4 Conjurations
 + Level 2.8 Fire Magic


You had 6 spell levels left.
You knew the following spells:

 Your Spells              Type           Power      Damage    Failure   Level
a - Foxfire               Conj/Fire      36%        2x1d5     8%          1
b - Scorch                Fire           22%        2d6       9%          2

Your spell library contained the following spells:

 Spells                   Type           Power      Damage    Failure   Level
 Magic Dart               Conj           28%        1d4       10%         1
 Conjure Flame            Conj/Fire      9%         6-21      22%         3
 Call Imp                 Summ           2%         N/A       26%         2
 Inner Flame              Hex/Fire       7%         N/A       30%         3
 Ignite Poison            Fire/Tmut/Pois 5%         N/A       36%         3
 Mephitic Cloud           Conj/Pois/Air  4%         N/A       41%         3
 Flame Wave               Conj/Fire      9%         2d6       58%         4
 Freezing Cloud           Conj/Ice/Air   2%         6-21      99%         5


Dungeon Overview and Level Annotations

Branches:
Dungeon (2/15)

Altars:


Innate Abilities, Weirdness & Mutations

You are immune to poison.
Your flesh is cold resistant. (rC+)
You are immune to negative energy. (rN+++)
You are immune to unholy pain and torment.
You are vulnerable to heat. (rF-)
You are in touch with the powers of death.
You do not drink.


Message History

Confirm with . or Enter, or press ? or * to list all spells.
You conjure some foxfire!
The foxfire hits the gnoll.
The gnoll is moderately wounded.
The foxfire hits the gnoll.
The gnoll is moderately wounded.
The gnoll attacks as you move away! The gnoll closely misses you.
The gnoll attacks as you move away! The gnoll closely misses you.
The gnoll attacks as you move away! The gnoll barely misses you.
Things that are here:
a +0 dagger; 4 stones; a kobold corpse The gnoll attacks as you move away!
The gnoll barely misses you.
Casting: Foxfire (safe; 8% risk of failure)
Confirm with . or Enter, or press ? or * to list all spells.
You conjure some foxfire!
The gnoll barely misses you.
The foxfire hits the gnoll.
The gnoll is heavily wounded.
The foxfire hits the gnoll.
The gnoll is heavily wounded.
The gnoll barely misses you.
You barely miss the gnoll.
The gnoll is heavily wounded.
The gnoll hits you with a +0 flail!
You hit the gnoll but do no damage. You punch the gnoll, but do no damage.
The gnoll is heavily wounded.
An endoplasm comes into view.
The gnoll closely misses you.
You barely miss the gnoll.
The gnoll is heavily wounded.
The gnoll hits you with a +0 flail!
* * * LOW HITPOINT WARNING * * *
The gnoll barely misses you.
You closely miss the gnoll.
The gnoll is heavily wounded.
The gnoll closely misses you.
The endoplasm quivers.
The gnoll attacks as you move away! The gnoll hits you with a +0 flail!
* * * LOW HITPOINT WARNING * * *
The gnoll attacks as you move away! The gnoll hits you with a +0 flail!
You die...

....†...#..)#...............
....##.##...................
....######..####.###...#....
##### #.......# #..<##...
##)###### #...# ##. #.#
#...# ########.# #...#
.........#########
#######.....g@...#
#.....J####.#
###............# ##
#...............g..##
#..........#.... . ..
#.........##..#. #.#.
##............# ##.#.######
#............ #..........
#.#....####.......#.##.###


You could see a gnoll and an endoplasm.

Vanquished Creatures
  An adder (D:2)
  2 gnolls (D:2)
  4 bats
  An endoplasm (D:1)
  3 giant cockroaches (D:1)
  7 goblins
  3 hobgoblins
  6 jackals
  6 ball pythons
  3 frilled lizards
  4 kobolds
  A rat (D:1)
41 creatures vanquished.

Vanquished Creatures (others)
  106 foxfires
106 creatures vanquished.

Grand Total: 147 creatures vanquished

Notes
Turn   | Place    | Note
-------+----------+-------------------------------------------
     0 | D:1      | reriks the Mummy Fire Elementalist began the quest for the
                  | Orb.
     0 | D:1      | Reached XP level 1. HP: 13/13 MP: 4/4
   623 | D:1      | Reached skill level 1 in Conjurations
   626 | D:1      | Reached XP level 2. HP: 19/19 MP: 2/5
   964 | D:1      | Reached skill level 3 in Spellcasting
  1926 | D:2      | Gained mutation: You are in touch with the powers of death.
                  | [Mummy growth]
  1926 | D:2      | Reached XP level 3. HP: 15/24 MP: 2/7
  1933 | D:2      | Learned a level 2 spell: Scorch
  2713 | D:2      | Reached XP level 4. HP: 26/30 MP: 1/9
  2735 | D:2      | Mangled by a gnoll

Illustrated notes

Levels and vault maps discovered:
D:1:      minmay_arrival_open_corners, layout_basic, minmay_misc_feat_nine_boxes
D:2:      layout_loops_cross, st_stairs_4

Skill      XL: |  1  2 |
---------------+-------+-----
Conjurations   | 1 |  1.4
Spellcasting   | 3 |  3.4
Dodging        | 2 |  2.1
Stealth        | 2 |  2.2
Fire Magic     | |  2.8

Action                   |  1- 3 |  4- 6 || total
-------------------------+-------+-------++-------
Melee: Hand axe          |     8 |     4 ||    12
       Punch             |       |     1 ||     1
 Cast: Foxfire           |    62 |     2 ||    64
Armor: Robe              |     8 |       ||     8
Dodge: Dodged            |    26 |     9 ||    35

Table legend: (Time is in decaauts)
 A = Elapsed time spent in this place.
 B = Non-inter-level travel time spent in this place.
 C = Inter-level travel time spent in this place.
 D = Time resting spent in this place.
 E = Time spent auto-exploring this place.
 F = Levels seen in this place.
 G = Mean time per level.
                   A        B        C        D        E       F      G
               +--------+--------+--------+--------+--------+-----+--------+
         Total |   2736 |   2681 |     55 |   1156 |   1191 |   2 | 1368.0 |
       Dungeon |   2736 |   2681 |     55 |   1156 |   1191 |   2 | 1368.0 |
               +--------+--------+--------+--------+--------+-----+--------+

Top non-repeatable levels by time:
     D:1: 1890 daAuts
     D:2: 846 daAuts
